 Dungeon Crawl Stone Soup version 0.27.1-4-g1640c2035a (webtiles) character file.

Game seed: 14079311231906383140

31 BOMJPIETVODKU the Digger (level 3, -1/33 HPs)
             Began as an Octopode Earth Elementalist on Nov 2, 2021.
             Killed from afar by Natasha (7 damage)
             ... with a magic dart
             ... on level 1 of the Dungeon.
             The game lasted 00:04:08 (1360 turns).

BOMJPIETVODKU the Digger (OpEE)                     Turns: 1360, Time: 00:04:08

Health: -1/33      AC:  1    Str:  7    XL:     3   Next: 22%
Magic:  6/6        EV: 13    Int: 18    God:
Gold:   16         SH:  0    Dex: 12    Spells: 5/6 levels left

rFire    . . .     SeeInvis .   a - +0 dagger
rCold    . . .     Faith    .   (no shield)
rNeg     . . .     Spirit   .   (helmet restricted)
rPois    .         Reflect  .   (no amulet)
rElec    .         Harm     .   (no ring)
rCorr    .         Rampage  .   (no ring)
Will     .....                  (no ring)
Stlth    ..........             (no ring)
HPRegen  0.11/turn              (no ring)
MPRegen  0.10/turn              (no ring)
                                (no ring)
                                (no ring)

@: berserking, very quick
A: almost no armour, amphibious, 8 rings, camouflage 1, gelatinous body 1,
(nimble swimmer 1), tentacles
a: no special abilities


You were on level 1 of the Dungeon.
You visited 1 branch of the dungeon, and saw 2 of its levels.

You collected 16 gold pieces.

Inventory:

Hand Weapons
 a - a +0 dagger (weapon)
Missiles
 b - 40 stones
Scrolls
 c - a scroll of amnesia {unknown}
Potions
 d - a potion of curing


   Skills:
 * Level 0.7 Fighting
 - Level 2.0 Dodging
 + Level 3.4 Stealth
 * Level 2.4 Spellcasting
 - Level 1.0 Transmutations
 + Level 3.4 Earth Magic


You had 5 spell levels left.
You knew the following spells:

 Your Spells              Type           Power      Damage    Failure   Level
a - Sandblast             Erth           28%        2d8       4%          1

Your spell library contained the following spells:

 Spells                   Type           Power      Damage    Failure   Level
 Passwall                 Tmut/Erth      8%         N/A       11%         2
 Blink                    Tloc           N/A        N/A       26%         2
 Stone Arrow              Conj/Erth      16%        3d8       26%         3
 Lesser Beckoning         Tloc           1%         N/A       45%         3
 Petrify                  Tmut/Erth      10%        N/A       56%         4
 Manifold Assault         Tloc           2%         N/A       99%         5


Dungeon Overview and Level Annotations

Branches:
Dungeon (2/15)

Altars:

Shops:
D:1 ?

Annotations:
D:1 Natasha


Innate Abilities, Weirdness & Mutations

You cannot wear most types of armour.
You are amphibious.
You can wear up to eight rings at the same time.
Your skin changes colour to match your surroundings (Stealth+).
Your rubbery body absorbs attacks. (AC +1, EV +1)
((You are camouflaged near water. (Stealth+)))
You have tentacles for arms and can constrict up to eight enemies at once.


Message History

The blast of sand hits Natasha.
Natasha is moderately wounded.
The blast of sand hits Natasha but does no damage.
Natasha is moderately wounded.
Natasha barely misses you. The goblin barely misses you.
Natasha casts a spell at you. The magic dart hits you.
The white imp disappears for a moment.
There is a stone staircase leading down here.
There is a stone staircase leading up here.
The goblin hits you with a +0 club.
You climb upwards.
There is a stone staircase leading down here.
The blast of sand hits the goblin!
You kill the goblin!
You start resting.
Magic restored.
You start resting.
HP restored.
You climb downwards.
Level annotation: Natasha The rat closely misses you.
Natasha stares at you and mumbles some strange words.
The magic dart hits you!
Ouch! That really hurt!
There is a stone staircase leading up here.
The rat bites you. Natasha barely misses you.
You climb upwards.
There is a stone staircase leading down here.
Drop what? 5/52 slots (_ for help) (? for menu, Esc to quit)
Okay, then.
It was a potion of curing.
You feel better. The rat barely misses you. Natasha claws you!
* * * LOW HITPOINT WARNING * * *
It was a potion of berserk rage.
A red film seems to cover your vision as you go berserk!
You feel yourself moving faster!
You feel mighty! The rat barely misses you. Natasha casts a spell at you.
The magic dart hits you!
You die...

######## #......#
##### #
#......####...# ###
#......##...#.## ###..
#.........###..###...#
#....)r.######.#...###
#....@................
#####h####....########
#.# #..>.# #.#
#....######## #.#
#....#......# #.#
#....#......# #.#
##....#......# #.#
#............# #.#
#............#


You could see Natasha and a rat.

Vanquished Creatures
  3 endoplasms
  2 giant cockroaches (D:1)
  4 goblins (D:1)
  4 hobgoblins
  A kobold (D:1)
  A quokka (D:1)
  3 ball pythons (D:1)
  3 bats (D:1)
  A frilled lizard (D:1)
  5 rats
27 creatures vanquished.

Notes
Turn   | Place    | Note
-------+----------+-------------------------------------------
     0 | D:1      | BOMJPIETVODKU the Octopode Earth Elementalist began the
                  | quest for the Orb.
     0 | D:1      | Reached XP level 1. HP: 11/11 MP: 3/3
   207 | D:1      | Reached XP level 2. HP: 17/17 MP: 1/5
   889 | D:1      | Found Cuoqy's Magic Scroll Emporium.
  1021 | D:1      | Reached XP level 3. HP: 22/22 MP: 6/6
  1232 | D:2      | Noticed Natasha
  1360 | D:1      | Killed from afar by Natasha

Illustrated notes

Levels and vault maps discovered:
D:1:      dpeg_arrival_subterranean_lakeside_camping, layout_basic,
          serial_shops, nicolae_shop_behind_doors
D:2:      layout_basic, shapermc_ecumenical_altar_mp_urbaneastern,
          minmay_stone_trees_medium, uniq_terence, uniq_natasha

Skill      XL: |  1  2 |
---------------+-------+-----
Stealth        | 3 |  3.4
Fighting       | |  0.7
Dodging        | |  2.0
Spellcasting   | |  2.4
Transmutations | |  1.0
Earth Magic    | |  3.4

Action                   || total
-------------------------++-------
Melee: Dagger            ||    42
       Constrict         ||    12
       Unarmed           ||     3
       Tentacles         ||     5
 Cast: Sandblast         ||    15
  Use: Potion            ||     2
 Stab: Sleeping          ||     6
Armor: Skin              ||     6
Dodge: Dodged            ||    38
